 Dungeon Crawl Stone Soup version 0.30-a0-634-g8abc85282e (webtiles) character file.

Game seed: 4355624340334190081

20391 zazu2006 the Covert (level 12, -8/106 HPs)
             Began as a Naga Hedge Wizard on Jan 15, 2023.
             Was a High Priest of Vehumet.
             Mangled by Urug
             ... wielding a +3 scimitar of electrocution
              (14 damage)
             ... on level 10 of the Dungeon.
             The game lasted 00:34:03 (11999 turns).

zazu2006 the Covert (Naga Hedge Wizard)            Turns: 11999, Time: 00:34:04

Health: -8/106     AC: 10    Str: 15    XL:     12   Next: 79%
Magic:  17/23      EV: 10    Int: 16    God:    Vehumet [*****.]
Gold:   1660       SH:  5    Dex: 12    Spells: 16/26 levels left

rFire   . . .      SeeInvis +    F - +4 scimitar
rCold   . . .      Faith    .    J - +0 buckler
rNeg    . . .      Spirit   .    u - +0 troll leather armour {Pargi}
rPois   +          Reflect  .    y - +0 helmet
rElec   .          Harm     .    B - +0 cloak
rCorr   .          Rampage  .    g - +0 pair of gloves
Will    +....                    (no barding)
Stlth   ++++                     (no amulet)
HPRegen 1.17/turn                A - ring of flight
MPRegen 0.18/turn                C - +4 ring of slaying

@: short of breath, on blink cooldown, flying, very slow
A: AC +4, large, see invisible, deformed body, poison resistance, slowness 2,
spit poison 1, naga tail 1
a: Spit Poison, Renounce Religion


You were on level 10 of the Dungeon.
You worshipped Vehumet.
Vehumet was extremely pleased with you.
You visited 2 branches of the dungeon, and saw 12 of its levels.
You also visited: Sewer and Bailey.

You collected 1768 gold pieces.
You spent 108 gold pieces at shops.

Inventory:

Hand Weapons
 j - a +4 short sword
 F - a +4 scimitar (weapon)
Missiles
 x - 8 throwing nets
Armour
 f - a +2 ring mail of willpower
 g - a +0 pair of gloves (worn)
 u - a +0 troll leather armour (worn) {Pargi}
 y - a +0 helmet (worn)
 B - a +0 cloak (worn)
 D - a scarf of shadows
 J - a +0 buckler (worn)
 O - +0 steam dragon scales
Jewellery
 A - a ring of flight (left hand)
 C - a +4 ring of slaying (right hand)
 Q - a +6 ring of strength
Wands
 n - a wand of roots (10)
 H - a wand of acid (3)
 K - a wand of paralysis (3)
 L - a wand of polymorph (13)
 M - a wand of flame (11)
Scrolls
 a - 3 scrolls of silence {unknown}
 b - 3 scrolls of blinking {unknown}
 c - 3 scrolls of magic mapping
 e - a scroll of summoning
 h - 10 scrolls of teleportation
 i - 3 scrolls of amnesia {unknown}
 p - 3 scrolls of poison
 q - 5 scrolls of enchant armour
 s - 5 scrolls of enchant weapon {unknown}
 v - 2 scrolls of torment {unknown}
 z - a scroll of acquirement {unknown}
 E - 2 scrolls of immolation
 N - a scroll of vulnerability {unknown}
 R - 2 scrolls of identify
Potions
 d - a potion of magic
 k - 3 potions of mutation {unknown}
 l - a potion of curing
 m - 4 potions of attraction
 o - 3 potions of might
 r - 3 potions of invisibility {unknown}
 t - 2 potions of haste
 w - 3 potions of heal wounds
 G - a potion of resistance
 I - a potion of degeneration {unknown}
 P - a potion of ambrosia {unknown}


   Skills:
 + Level 6.4 Fighting
 + Level 8.7 Long Blades
 + Level 5.0 Armour
 + Level 5.2 Dodging
 + Level 11.0 Stealth
 + Level 6.0 Shields
 + Level 7.6 Spellcasting
 + Level 6.8 Conjurations
 + Level 1.0 Summonings
 + Level 1.3 Translocations
 + Level 3.2 Air Magic
 + Level 8.0 Poison Magic
 + Level 0.4 Evocations


You had 16 spell levels left.
You knew the following spells:

 Your Spells              Type           Power      Damage    Failure   Level
a - Magic Dart            Conj           100%       1d8       1%          1
b - Mephitic Cloud        Conj/Pois/Air  25%        N/A       1%          3
c - Iskenderun's Mystic   Conj/Tloc      19%        2d6       9%          4
d - Blink                 Tloc           20%        N/A       16%         2

Your spell library contained the following spells:

 Spells                   Type           Power      Damage    Failure   Level
 Starburst                Conj/Fire      8%         6d4       80%         6
 Foxfire                  Conj/Fire      68%        2x1d7     1%          1
 Poisonous Vapours        Pois/Air       48%        N/A       1%          2
 Hailstorm                Conj/Ice       17%        3d6       3%          3
 Freeze                   Ice            24%        1d4       4%          1
 Cigotuvi's Dreadful Rot  Necr/Pois/Air  36%        N/A       5%          2
 Kindle Blastsparks       Fire/Tloc/Air  22%        2d11      7%          3
 Spider Form              Tmut/Pois      18%        N/A       10%         3
 Flame Wave               Conj/Fire      17%        2d7       11%         4
 Frozen Ramparts          Ice            12%        1d2       13%         3
 Beastly Appendage        Tmut           12%        N/A       17%         1
 Slow                     Hex            24%        N/A       17%         1
 Call Imp                 Summ           9%         N/A       17%         2
 Sublimation of Blood     Necr           6%         N/A       26%         2
 Wereblood                Tmut           6%         N/A       26%         2
 Irradiate                Conj/Tmut      8%         3d14      28%         5
 Vampiric Draining        Necr           6%         2d6       45%         3
 Ice Form                 Ice/Tmut       6%         N/A       86%         4
 Petrify                  Tmut/Erth      6%         N/A       86%         4
 Metabolic Englaciation   Hex/Ice        3%         N/A       99%         5
 Simulacrum               Ice/Necr       3%         N/A       100%        6
 Statue Form              Tmut/Erth      4%         N/A       100%        6
 Borgnjor's Revivificati  Necr           3%         N/A       100%        8


Dungeon Overview and Level Annotations

Branches:
Dungeon (10/15)            Temple (0/1) D:5             Orc (2/2) D:9
    Elf (0/3) Orc:2         Sewer (visited)          Bailey (visited)
   Lair: D:8-11

Altars:
Kikubaaqudgha
Qazlal
Vehumet

Shops:
D:3 ?   Orc:2 ?:[=

Annotations:
D:10 Urug


Innate Abilities, Weirdness & Mutations

Your serpentine skin is tough. (AC +4)
You have supernaturally acute eyesight. (SInv)
Armour fits poorly on your strangely shaped body.
Your system is resistant to poisons. (rPois)
You cover ground very slowly.
You can spit poison.
You have a snake-like lower body.


Message History

Urug hits you with a +3 scimitar of electrocution.
You completely miss Urug.
Urug is moderately wounded.
Urug hits you with a +3 scimitar of electrocution!!
Casting: Mephitic Cloud (safe; 1% risk of failure)
Confirm with . or Enter, or press ? or * to list all spells.
Aiming: Mephitic Cloud (safe; 1% risk of failure)
Press: ? - help, Shift-Dir - straight line, f/p - Urug
Aim: Urug, wielding a +3 scimitar of electrocution, wearing a +0 chain mail and quivering javelins (moderately wounded, confused, chance to affect: 58%)
The ball explodes into a vile cloud!
The stinking cloud engulfs Urug but does no damage.
Urug is moderately wounded.
The stinking cloud engulfs you but does no damage.
Urug is engulfed in noxious fumes.
Urug appears confused.
Urug barely misses you.
Unknown command.
Aiming: Spit Poison (1% risk of failure)
Press: ? - help, Shift-Dir - straight line, f/p - Urug
Aim: Urug, wielding a +3 scimitar of electrocution, wearing a +0 chain mail and quivering javelins (noxious fumes, moderately wounded, confused, 88% to hit)
The splash of poison hits Urug but does no damage.
Urug is poisoned.
Urug is moderately wounded.
Urug is engulfed in noxious fumes.
Urug closely misses you.
Unknown command.
You hit Urug.
Urug is heavily wounded.
Urug is engulfed in noxious fumes.
Urug hits you with a +3 scimitar of electrocution!!
You catch the helpless Urug completely off-guard!
You hit Urug but do no damage.
Urug is heavily wounded.
Urug hits you with a +3 scimitar of electrocution!!
* * * LOW HITPOINT WARNING * * *
Casting: Mephitic Cloud (safe; 1% risk of failure)
Confirm with . or Enter, or press ? or * to list all spells.
You blink.
Urug hits you with a +3 scimitar of electrocution!
* * * LOW HITPOINT WARNING * * *
You are electrocuted!
You die...

#. .P..l.P.PP #. .....P..♣. #.
...P...... ##. .Y...P.♣ #..
.Y..P.. #.# #.l.. #########.#
#..#########.......#.# #.#
#@o°......####[#.#
##÷###.##.......###.#.# ###
####..÷##.#†#.##.......#.#
#.######..÷.......###.#...##..#.#
.#...†...##...##.## ##....##..#..
#.##########.##.## ##.......###
#.# #.###.## ##..####.## # #.#
#.# ##.###.#.# #.# # #.#### ##+##
##.#.##.####.# #


You could see Urug (confused, poisoned).

Vanquished Creatures
  Erolcha (Orc:2)
  An orc high priest (Orc:1)
  2 two-headed ogres
  Nergalle (Orc:2)
  An orc knight (Orc:1)
  9 orc sorcerers
  A deep elf pyromancer (D:9)
  A cyclops (Orc:1)
  Maggie (D:9)
  5 trolls (Orc:1)
  2 hornets
  Prince Ribbit (D:7)
  A shadow (D:10)
  3 basilisks (D:10)
  A wraith (D:9)
  A wyvern (D:9)
  10 yaks
  Edmund (D:4)
  A warg (Orc:1)
  An acid dragon (D:9)
  5 water moccasins
  Pargi (Sewer)
  2 black bears
  3 sky beasts
  11 orc warriors
  2 centaurs
  8 ogres
  8 wolves
  4 phantoms
  2 kobold brigands
  2 bullfrogs
  2 necrophages (D:5)
  10 gnoll sergeants (Bailey)
  2 scorpions (D:7)
  9 wights
  7 killer bees (D:9)
  8 hounds
  5 jellies
  12 orc priests
  7 gnoll boudas
  3 iguanas
  31 orc wizards
  Terence (D:3)
  Robin (D:4)
  8 adders
  26 gnolls
  A shadow imp (D:7)
  An ufetubus (D:5)
  3 worms
  3 dart slugs
  40 orcs
  6 ball pythons
  6 endoplasms
  3 giant cockroaches
  23 goblins
  9 hobgoblins
  2 jackals (Sewer)
  14 kobolds
  3 quokkas (D:1)
  4 bats
  3 frilled lizards (D:1)
  5 rats
351 creatures vanquished.

Vanquished Creatures (others)
  A killer bee (D:9)
  An orc wizard (Orc:2)
  14 fungi
  23 plants
39 creatures vanquished.

Grand Total: 390 creatures vanquished

Notes
Turn   | Place    | Note
-------+----------+-------------------------------------------
     0 | D:1      | zazu2006 the Naga Hedge Wizard began the quest for the Orb.
     0 | D:1      | Reached XP level 1. HP: 15/15 MP: 4/4
   160 | D:1      | Reached XP level 2. HP: 22/22 MP: 0/6
   599 | D:1      | Reached XP level 3. HP: 28/28 MP: 5/7
  1061 | D:2      | Reached XP level 4. HP: 36/36 MP: 6/9
  2027 | D:3      | Found a glowing drain.
  2045 | D:3      | Learned a level 3 spell: Mephitic Cloud
  2048 | D:3      | Learned a level 2 spell: Blink
  2069 | Sewer    | Entered a sewer
  2188 | Sewer    | Noticed Pargi
  2351 | Sewer    | Killed Pargi
  2352 | Sewer    | Reached skill level 4 in Stealth
  2352 | Sewer    | Reached XP level 5. HP: 10/43 MP: 1/11
  2741 | D:3      | Reached skill level 1 in Poison Magic
  2809 | D:3      | Noticed Terence
  2826 | D:3      | Killed Terence
  2827 | D:3      | Reached XP level 6. HP: 50/50 MP: 9/12
  2870 | D:3      | Found Miegud's Magic Scroll Emporium.
  2928 | D:3      | Bought a scroll of noise for 12 gold pieces
  2928 | D:3      | Bought a scroll of identify for 24 gold pieces
  2930 | D:3      | Bought a scroll of teleportation for 36 gold pieces
  2930 | D:3      | Bought a scroll of teleportation for 36 gold pieces
  3195 | D:4      | Noticed a black bear
  3201 | D:4      | Killed a black bear
  3202 | D:4      | Reached skill level 1 in Fighting
  3249 | D:4      | Reached skill level 1 in Armour
  3348 | D:4      | Found a radiant altar of Vehumet.
  3496 | D:4      | Became a worshipper of Vehumet
  3744 | D:4      | Reached XP level 7. HP: 57/57 MP: 6/13
  4023 | D:4      | Noticed Robin
  4135 | D:4      | Killed Robin
  4236 | D:5      | Entered Level 5 of the Dungeon
  4240 | D:5      | Noticed Edmund
  4246 | D:4      | Reached skill level 5 in Stealth
  4357 | D:5      | Found a staircase to the Ecumenical Temple.
  4370 | D:5      | Reached skill level 1 in Air Magic
  4462 | D:4      | Killed Edmund
  4463 | D:4      | Reached XP level 8. HP: 66/67 MP: 13/15
  4495 | D:5      | Reached skill level 5 in Spellcasting
  4502 | D:5      | Reached * piety under Vehumet
  4502 | D:5      | Offered knowledge of Shock by Vehumet.
  4682 | D:5      | Reached skill level 6 in Stealth
  4862 | D:5      | Reached skill level 5 in Poison Magic
  5204 | D:6      | Found a stormy altar of Qazlal.
  5427 | D:6      | Reached XP level 9. HP: 58/74 MP: 14/17
  6613 | D:7      | Reached skill level 5 in Conjurations
  6635 | D:7      | Noticed a hornet
  6641 | D:7      | Killed a hornet
  6642 | D:7      | Reached skill level 1 in Long Blades
  6796 | D:7      | Offered knowledge of Searing Ray by Vehumet.
  6810 | D:7      | Reached ** piety under Vehumet
  6824 | D:7      | Reached XP level 10. HP: 68/85 MP: 13/20
  6833 | D:7      | Reached skill level 7 in Stealth
  6921 | D:7      | Noticed Prince Ribbit
  6932 | D:7      | Killed Prince Ribbit
  7222 | D:8      | Found a flagged portal.
  7296 | Bailey   | Entered a bailey
  7362 | Bailey   | Offered knowledge of Inner Flame by Vehumet.
  7397 | Bailey   | Reached skill level 1 in Shields
  7422 | Bailey   | Reached *** piety under Vehumet
  7423 | Bailey   | Reached skill level 8 in Stealth
  7430 | Bailey   | Reached skill level 5 in Long Blades
  7693 | Bailey   | Got Oram's Papyrus of the Damned and Lava
  8070 | D:8      | Noticed a two-headed ogre
  8081 | D:8      | Killed a two-headed ogre
  8082 | D:8      | Reached XP level 11. HP: 90/93 MP: 14/21
  8700 | D:9      | Offered knowledge of Sticky Flame by Vehumet.
  8701 | D:9      | Reached skill level 9 in Stealth
  8701 | D:9      | Noticed Maggie
  8716 | D:9      | Killed Maggie
  8858 | D:9      | Reached skill level 5 in Fighting
  8940 | D:9      | Found a staircase to the Orcish Mines.
  9300 | D:9      | Noticed a deep elf pyromancer
  9314 | D:9      | Killed a deep elf pyromancer
  9507 | Orc:1    | Entered Level 1 of the Orcish Mines
  9531 | Orc:1    | Noticed an orc knight
  9614 | Orc:1    | Killed an orc knight
  9912 | Orc:1    | Reached **** piety under Vehumet
  9969 | Orc:1    | Offered knowledge of Iskenderun's Mystic Blast by Vehumet.
  9988 | Orc:1    | Noticed a cyclops
 10019 | Orc:1    | Killed a cyclops
 10134 | Orc:1    | Noticed an orc high priest
 10160 | Orc:1    | Killed an orc high priest
 10383 | Orc:1    | Noticed an orc sorcerer
 10399 | Orc:1    | Killed an orc sorcerer
 10400 | Orc:1    | Reached skill level 10 in Stealth
 10400 | Orc:1    | Reached XP level 12. HP: 83/104 MP: 15/22
 10482 | Orc:2    | Entered Level 2 of the Orcish Mines
 10590 | Orc:2    | Noticed a soul eater
 10599 | Orc:2    | Noticed Nergalle
 10663 | Orc:2    | Noticed a two-headed ogre
 10674 | Orc:2    | Killed a two-headed ogre
 10681 | Orc:2    | Learned a level 4 spell: Iskenderun's Mystic Blast
 10745 | Orc:2    | Reached skill level 5 in Dodging
 10745 | Orc:2    | Reached skill level 5 in Shields
 10923 | Orc:2    | Found a staircase to the Elven Halls.
 11045 | Orc:2    | Found an ancient bone altar of Kikubaaqudgha.
 11057 | Orc:2    | Killed Nergalle
 11067 | Orc:2    | Noticed Erolcha
 11093 | Orc:2    | Killed Erolcha
 11128 | Orc:2    | Found Hachiex's Jewellery Shoppe.
 11132 | Orc:2    | Reached ***** piety under Vehumet
 11135 | Orc:2    | Found Hexeheigg's Magic Scroll Emporium.
 11146 | Orc:2    | Found a radiant altar of Vehumet.
 11160 | Orc:2    | Offered knowledge of Starburst by Vehumet.
 11203 | Orc:2    | Found Ciuxtyh's Antique Armour Emporium.
 11269 | Orc:2    | Found Kasoruh's Book Shoppe.
 11459 | D:10     | Entered Level 10 of the Dungeon
 11739 | D:10     | Reached skill level 5 in Armour
 11751 | D:10     | Reached skill level 11 in Stealth
 11985 | D:10     | Noticed Urug
 11999 | D:10     | Mangled by Urug

Illustrated notes

Levels and vault maps discovered:
D:1:      psy_arrival_terrarium, layout_basic
D:2:      layout_loops_corners, minmay_splitting_lines
D:3:      layout_rooms, cheibrodos_sewer_entry_drain, serial_shops, shop,
          minmay_misc_feat_tiny, uniq_terence
D:4:      layout_loops_ring, mainiacjoe_overflow_brackets, serial_aquarium,
          aquarium_bridge_island_small [aquarium_subvault_small_water,
          aquarium_subvault_bridge, aquarium_subvault_window,
          aquarium_subvault_window, aquarium_subvault_wall],
          aquarium_window_fake, aquarium_window_1, aquarium_view_2e,
          aquarium_view_2f, aquarium_pool_S, uniq_robin
D:5:      layout_rooms, minmay_temple_entry_gardened_gates, uniq_edmund
D:6:      layout_basic, old_standard_altar, kennysheep_small_circle
D:7:      layout_gridville, uniq_prince_ribbit1
D:8:      layout_basic, enter_bailey_3, nicolae_sextant, grunt_decor_arrowhead
D:9:      layout_basic, orc_0_dummy, dreamdust_mushroom_princess,
          guppyfry_early_elven_hall, uniq_maggie
D:10:     layout_loops_corners, minmay_lair_entry_grove, serial_shops,
          nicolae_shop_waterfront, uniq_urug
Orc:1:    layout_caves, minmay_orc_temple_c
Orc:2:    kennysheep_orc_mage_school, layout_caves

Skill      XL: |  1  2  3  4  5  6  7  8  9 10 11 12 |
---------------+-------------------------------------+-----
Dodging        | 2 3 4 5 |  5.2
Spellcasting   | 4 5 6 7 |  7.6
Stealth        | 4 5 6 8 10 11 | 11.0
Conjurations   | 2 3 4 5 6 |  6.8
Poison Magic   | 1 2 3 5 6 7 8 |  8.0
Fighting       | 1 2 3 4 5 6 |  6.4
Armour         | 1 2 3 4 5 |  5.0
Air Magic      | 1 2 3 |  3.2
Long Blades    | 2 5 7 8 |  8.7
Shields        | 2 4 6 |  6.0
Summonings     | |  1.0
Translocations | |  1.3
Evocations     | |  0.4

Action                   |  1- 3 |  4- 6 |  7- 9 | 10-12 || total
-------------------------+-------+-------+-------+-------++-------
Melee: Dagger            |     2 |       |       |       ||     2
       Short sword       |     6 |    67 |   195 |       ||   268
       Punch             |       |     3 |     6 |     6 ||    15
       Scimitar          |       |       |    43 |   523 ||   566
 Cast: Magic Dart        |    49 |    80 |   153 |    56 ||   338
       Mephitic Cloud    |       |     9 |    18 |    87 ||   114
       Blink             |       |       |       |     3 ||     3
       Iskenderun's Myst |       |       |       |     1 ||     1
 Abil: Spit Poison       |     8 |     9 |    14 |    32 ||    63
Evoke: Wand              |       |       |     2 |     5 ||     7
  Use: Potion            |       |     1 |       |       ||     1
       Scroll            |       |     1 |       |     9 ||    10
 Stab: Sleeping          |     1 |     1 |       |     2 ||     4
       Confused          |       |     3 |    10 |    47 ||    60
       Distracted        |       |       |       |     1 ||     1
       Paralysed         |       |       |       |     6 ||     6
Armor: Robe              |     8 |    15 |       |       ||    23
       Troll leather arm |       |    10 |    97 |   213 ||   320
Dodge: Dodged            |     7 |    45 |   115 |   293 ||   460

Table legend: (Time is in decaauts)
 A = Elapsed time spent in this place.
 B = Non-inter-level travel time spent in this place.
 C = Inter-level travel time spent in this place.
 D = Time resting spent in this place.
 E = Time spent auto-exploring this place.
 F = Levels seen in this place.
 G = Mean time per level.
                   A        B        C        D        E       F      G
               +--------+--------+--------+--------+--------+-----+--------+
         Total |  14960 |  14467 |    493 |    301 |  10798 |  14 | 1068.6 |
       Dungeon |  11476 |  11080 |    396 |    134 |   8827 |  10 | 1147.6 |
  Orcish Mines |   2357 |   2260 |     97 |     34 |   1484 |   2 | 1178.5 |
         Sewer |    543 |    543 |      0 |     77 |    303 |   1 |  543.0 |
        Bailey |    582 |    582 |      0 |     56 |    183 |   1 |  582.0 |
               +--------+--------+--------+--------+--------+-----+--------+

Top non-repeatable levels by time:
     D:6: 1475 daAuts
     D:2: 1459 daAuts
     D:4: 1404 daAuts
     D:9: 1396 daAuts
   Orc:1: 1229 daAuts
     D:8: 1155 daAuts
   Orc:2: 1128 daAuts
     D:5: 1071 daAuts
     D:7: 994 daAuts
     D:1: 980 daAuts
     D:3: 840 daAuts
    D:10: 699 daAuts
  Bailey: 582 daAuts
   Sewer: 543 daAuts
